 Dungeon Crawl Stone Soup version 0.22-a0-782-g038298e (webtiles) character file.

13861 Amnesiac the Geomancer (level 11, -2/68 HPs)
             Began as a Mummy Earth Elementalist on July 20, 2018.
             Was an Elder of Vehumet.
             Slain by an ice beast (16 damage)
             ... in an ice cave.
             The game lasted 00:22:18 (12346 turns).

Amnesiac the Geomancer (Mummy Earth Elementalist)  Turns: 12346, Time: 00:22:19

Health: -2/68      AC: 10    Str: 14    XL:     11   Next: 81%
Magic:  21/28      EV: 12    Int: 23    God:    Vehumet [****..]
Gold:   644        SH:  0    Dex: 12    Spells: 16/36 levels left

rFire    . . .     SeeInvis .   a - +3 rapier (speed)
rCold    . . .     Gourm    .   (no shield)
rNeg     + + +     Faith    .   z - +2 robe {MR+}
rPois    ∞         Spirit   .   u - +0 helmet
rElec    .         Reflect  .   g - +2 cloak
rCorr    .         Harm     +   (no gloves)
MR       ++...                  c - +1 pair of boots
Stlth    ++........             o - amulet of harm
HPRegen  0.21/turn              A - ring of Azuep {Fire Str+3 Int+4 Slay-3}
MPRegen  0.21/turn              D - ring of flight

@: no status effects
A: no food or potions, fire vulnerability, cold resistance 1, negative energy
resistance 3, torment resistance, unbreathing
a: Renounce Religion, Evoke Flight


You were in an ice cave.
You worshipped Vehumet.
Vehumet was greatly pleased with you.
You were not hungry.

You visited 3 branches of the dungeon, and saw 14 of its levels.
You also visited: Ice Cave.

You collected 1028 gold pieces.
You spent 384 gold pieces at shops.

Inventory:

Hand Weapons
 a - a +3 rapier of speed (weapon)
 b - a +2 hunting sling of velocity
 q - a +1 halberd of venom
Missiles
 n - 218 stones (quivered)
 p - 52 sling bullets
Armour
 c - a +1 pair of boots (worn)
 g - a +2 cloak (worn)
 u - a +0 helmet (worn)
 z - a +2 robe of magic resistance (worn)
 C - the +2 leather armour of Brilliance {rElec Dex+3}
   (You bought it in a shop on level 4 of the Dungeon)

   It affects your dexterity (+3).
   It insulates you from electricity.
 E - a +0 troll leather armour
Jewellery
 m - an uncursed ring of protection from cold
 o - an amulet of harm (around neck)
 t - a +2 ring of dexterity
 A - the ring of Azuep (left hand) {Fire Str+3 Int+4 Slay-3}
   (You found it on level 8 of the Dungeon)

   [ring of fire]

   It enhances your fire magic.
   It affects your strength (+3).
   It affects your intelligence (+4).
   It affects your accuracy and damage with ranged weapons and melee attacks
   (-3).
   It protects you from fire.
   It makes you vulnerable to cold.
 D - a ring of flight (right hand)
 F - an uncursed amulet of magic regeneration
Wands
 e - a wand of polymorph (7)
 v - a wand of random effects (10)
 w - a wand of flame (21)
 x - a wand of disintegration (21)
 y - a wand of paralysis (11)
Scrolls
 d - 2 scrolls of fear {!r}
 f - 5 scrolls of identify {!r}
 h - a scroll of silence {!r}
 i - 6 scrolls of remove curse {!r}
 j - 5 scrolls of enchant armour {!r}
 k - 8 scrolls of teleportation {!r}
 l - 4 scrolls of amnesia {!r}
 r - a scroll of fog {!r}
 s - a scroll of noise {!r}
 B - a scroll of brand weapon {!r}


   Skills:
 - Level 1.5 Dodging
 - Level 1.5 Stealth
 + Level 13.1 Spellcasting
 - Level 0.7 Transmutations
 * Level 13.1 Earth Magic


You had 16 spell levels left.
You knew the following spells:

 Your Spells              Type           Power        Failure   Level  Hunger
a - Stone Arrow           Conj/Erth      #####.       1%          3    N/A
b - Passwall              Tmut/Erth      #####...     1%          2    N/A
c - Sandblast             Erth           ######       0%          1    N/A
d - Lee's Rapid Deconstr  Erth           ######....   1%          5    N/A
e - Petrify               Tmut/Erth      #####...     2%          4    N/A
f - Bolt of Draining      Conj/Necr      ###.......   28%         5    N/A

Your spell library contained the following spells:

 Spells                   Type           Power        Failure   Level  Hunger
 Confuse                  Hex            ###.....     12%         3    N/A
 Animate Dead             Necr           N/A          38%         4    N/A
 Pain                     Necr           ###.         4%          1    N/A
 Animate Skeleton         Necr           N/A          4%          1    N/A
 Vampiric Draining        Necr           ###.......   12%         3    N/A
 Regeneration             Chrm/Necr      ###.......   12%         3    N/A
 Tukima's Dance           Hex            ###.....     12%         3    N/A
 Ensorcelled Hibernation  Hex/Ice        ###...       6%          2    N/A
 Corona                   Hex            ###....      4%          1    N/A
 Dazzling Spray           Conj/Hex       ###...       3%          3    N/A

Dungeon Overview and Level Annotations

Branches:
Dungeon (11/15)            Temple (1/1) D:4            Lair (0/6) D:10
    Orc (2/2) D:10
    Elf: Orc:2

Altars:
Ashenzari
Elyvilon
Fedhas
Hepliaklqana
Makhleb
Okawaru
Ru
Sif Muna
Trog
Uskayaw
Vehumet
Wu Jian
Xom
Yredelemnul
The Shining One
Beogh

Shops:
D:4 [==   D:8 *   D:10 !   Orc:2 *


Innate Abilities, Weirdness & Mutations

You do not eat or drink.
Your flesh is vulnerable to fire.
You are immune to poison.
Your flesh is cold resistant. (rC+)
You are immune to negative energy. (rN+++)
You are immune to unholy pain and torment.
You can survive without breathing.


Message History

The cyclops throws a large rock.
The large rock barely misses you.
Unknown command.
Casting: Lee's Rapid Deconstruction (safe; 1% risk of failure)
Confirm with . or Enter, or press ? or * to list all spells.
Aiming: Lee's Rapid Deconstruction (safe; 1% risk of failure)
Press: ? - help, Dir - move target cursor A rock wall.
The wall shatters!
Casting: Lee's Rapid Deconstruction (safe; 1% risk of failure)
Confirm with . or Enter, or press ? or * to list all spells.
Aiming: Lee's Rapid Deconstruction (safe; 1% risk of failure)
Press: ? - help, Dir - move target cursor A rock wall.
The wall shatters!
The blast of rock fragments hits the cyclops.
You kill the cyclops!
Vehumet accepts your kill.
You feel your power returning.
You hear a shout!
Unknown command.
You start resting.
You hear the crackling of a melting archway nearby.
You start resting.
Magic restored.
There is a stone staircase leading up here.
You see here 3 large rocks.
Casting: Lee's Rapid Deconstruction (safe; 1% risk of failure)
Confirm with . or Enter, or press ? or * to list all spells.
Aiming: Passwall (safe; 1% risk of failure)
Press: ? - help, Dir - move target cursor A rock wall.
You begin to meditate on the wall.
You continue meditating on the rock. x2
HP restored.
You continue meditating on the rock.
You finish merging with the rock.
Found a frozen archway. 2 ice devils come into view.
There is a frozen archway here.
The ice devil hits you! The ice devil freezes you!!
* * * LOW HITPOINT WARNING * * *
The world spins around you as you enter the gateway.
You enter an ice cave!
An ugly thing and 6 ice beasts come into view.
Found four items.
Found an ice covered gate leading back out of this place.
There is an ice choked empty arch of ancient stone here.
The white ugly thing gurgles horribly!
Okay, then.
There is an ice covered gate leading back out of this place here.
Casting: Passwall (safe; 1% risk of failure)
Confirm with . or Enter, or press ? or * to list all spells.
Aiming: Lee's Rapid Deconstruction (safe; 1% risk of failure)
Press: ? - help, Dir - move target cursor, f - ice beast Fragment what (e.g. wall or brittle monster)?: an ice beast The ice beast shatters!
You blow up the ice beast!
Vehumet accepts your kill.
You feel your power returning.
The icy blast hits the ice beast.
The ice beast partially resists.
The ice beast is severely wounded.
The ice beast hits you.
* * * LOW HITPOINT WARNING * * *
The ice beast freezes you!
You die...

####
##...####
........##
...Y.....##
..........##
$..8.......#
.?...Y....Y#
%©?....u.∩@#
.%.......Y.#
$..8.......#
......Y...##
.........##
........##
##...####
####


You could see a white ugly thing and 5 ice beasts.

Vanquished Creatures
  2 ettins
  A two-headed ogre (D:8)
  The ghost of Defined the Fighter, a novice DrCj of Sif Muna (D:10)
  The ghost of Amnesiac the Thaumaturge, a novice DsEE of Gozag (D:8)
  The ghost of Voxish the Summoner, a novice KoSu of Sif Muna (D:10)
  An unseen horror (D:7)
  2 cyclopes
  A troll (D:10)
  Prince Ribbit (D:9)
  A hippogriff (D:11)
  7 yaks
  2 wyverns (D:8)
  Duvessa (D:7)
  3 porcupines (D:10)
  An eye of draining (D:8)
  4 ice beasts
  5 sky beasts
  A phantom (D:9)
  A black bear (D:7)
  12 orc warriors
  5 ogres
  6 centaurs
  3 crocodiles
  A big kobold (D:10)
  4 bullfrogs
  2 gnoll sergeants
  A wyvern skeleton (D:8)
  Dowan (D:7)
  2 scorpions (D:10)
  8 howler monkeys
  4 crimson imps
  5 bullfrog zombies
  10 orc priests
  2 gnoll shamans
  A jelly (D:6)
  13 orc wizards
  2 bullfrog skeletons
  A centaur skeleton (D:4)
  4 iguanas
  Jessica (D:2)
  5 worker ants
  A centaur simulacrum (D:8)
  A hound skeleton (D:7)
  A howler monkey zombie (D:10)
  2 worker ant zombies
  25 gnolls
  13 adders
  A shadow imp (D:8)
  3 white imps (D:8)
  A worker ant simulacrum (D:8)
  3 oozes
  An adder skeleton (D:6)
  2 worms (D:2)
  A dart slug (D:1)
  5 leopard geckos
  52 orcs
  A ball python (D:1)
  8 bats
  7 giant cockroaches
  8 hobgoblins
  12 jackals
  4 quokkas
  6 frilled lizards
  8 goblins
  13 kobolds
  A leopard gecko zombie (D:7)
  6 rats
316 creatures vanquished.

Vanquished Creatures (others)
  A gnoll (D:7)
  A quokka (D:7)
  A bush (D:10)
  2 fungi (D:10)
  12 plants
17 creatures vanquished.

Grand Total: 333 creatures vanquished

Notes
Turn   | Place    | Note
-------+----------+-------------------------------------------
     0 | D:1      | Amnesiac the Mummy Earth Elementalist began the quest for the Orb.
     0 | D:1      | Reached XP level 1. HP: 13/13 MP: 4/4
    57 | D:2      | Reached XP level 2. HP: 16/19 MP: 0/5
    61 | D:2      | Learned a level 2 spell: Passwall
   324 | D:3      | Reached XP level 3. HP: 16/24 MP: 8/8
   329 | D:3      | Learned a level 3 spell: Stone Arrow
   438 | D:3      | Found a burning altar of Makhleb.
   445 | D:3      | Found a blossoming altar of Fedhas.
   555 | D:3      | Reached XP level 4. HP: 25/30 MP: 4/10
   570 | D:3      | Learned a level 4 spell: Petrify
   843 | D:4      | Found Vuovos's Jewellery Emporium.
   852 | D:4      | Found a radiant altar of Vehumet.
   860 | D:4      | Became a worshipper of Vehumet
   887 | D:4      | Reached XP level 5. HP: 33/35 MP: 7/11
  1411 | D:2      | Found a sacrificial altar of Ru.
  1444 | D:2      | Reached * piety under Vehumet
  1444 | D:2      | Offered knowledge of Magic Dart by Vehumet.
  1563 | D:2      | Reached XP level 6. HP: 18/41 MP: 3/13
  1594 | D:2      | Found an iron altar of Okawaru.
  1687 | D:2      | Found a glowing golden altar of the Shining One.
  1687 | D:2      | Noticed Jessica
  1699 | D:2      | Killed Jessica
  1761 | D:2      | Reached skill level 5 in Earth Magic
  1912 | D:3      | Reached skill level 5 in Spellcasting
  2158 | D:4      | Found a staircase to the Ecumenical Temple.
  2224 | D:4      | Found a hazy altar of Hepliaklqana.
  2227 | D:4      | Found Ohey's Jewellery Shop.
  2296 | D:4      | Found a basalt altar of Yredelemnul.
  2373 | D:4      | Reached XP level 7. HP: 46/46 MP: 15/15
  2380 | D:4      | Offered knowledge of Throw Flame by Vehumet.
  2385 | D:4      | Reached ** piety under Vehumet
  2669 | D:4      | Found Watz's Antique Armour Shoppe.
  2677 | D:4      | Bought a pair of runed boots for 112 gold pieces
  3015 | D:4      | You fall through a shaft!
  3015 | D:5      | Entered Level 5 of the Dungeon
  3159 | Temple   | Entered the Ecumenical Temple
  3378 | D:5      | Learned a level 5 spell: Lee's Rapid Deconstruction
  3556 | D:5      | Reached XP level 8. HP: 43/52 MP: 9/18
  4644 | D:6      | Offered knowledge of Inner Flame by Vehumet.
  5201 | D:7      | Found a white marble altar of Elyvilon.
  5327 | D:7      | Found an ornate altar of the Wu Jian Council.
  5331 | D:7      | Found a transporter.
  5350 | D:7      | Found a transporter.
  5361 | D:7      | Reached XP level 9. HP: 43/57 MP: 11/21
  5518 | D:7      | Noticed Dowan
  5523 | D:7      | Killed Dowan
  5548 | D:7      | Reached *** piety under Vehumet
  5693 | D:7      | Noticed Duvessa
  5950 | D:7      | Found a hide-covered altar of Uskayaw.
  6365 | D:7      | Paralysed by Duvessa for 6 turns
  6394 | D:7      | Killed Duvessa
  6394 | D:7      | Offered knowledge of Ignite Poison by Vehumet.
  6745 | D:4      | Bought a runed cloak for 112 gold pieces
  6745 | D:4      | Bought a glowing robe for 55 gold pieces
  6972 | D:8      | Noticed a two-headed ogre
  6976 | D:8      | Killed a two-headed ogre
  6976 | D:8      | Reached skill level 10 in Spellcasting
  6976 | D:8      | Reached skill level 10 in Earth Magic
  6990 | D:8      | Found Vaudaq's General Store.
  7140 | D:8      | Reached XP level 10. HP: 63/63 MP: 7/24
  7519 | D:8      | Found a runed gate.
  7519 | D:8      | Found a runed gate.
  7519 | D:8      | Found a runed gate.
  8021 | D:8      | Noticed Amnesiac's ghost (novice DsEE)
  8194 | D:8      | Reached **** piety under Vehumet
  8197 | D:8      | Killed Amnesiac's ghost
  8312 | D:8      | Got the ring of Azuep {Fire}
  8317 | D:8      | Identified the ring of Azuep {Fire Str+3 Int+4 Slay-3} (You found it on level 8 of the Dungeon)
  8508 | D:4      | Bought a steaming leather armour for 105 gold pieces
  8518 | D:4      | Identified the +2 leather armour of Brilliance {rElec Dex+3} (You bought it in a shop on level 4 of the Dungeon)
  8645 | D:7      | Killed an unseen horror
  8645 | D:7      | Offered knowledge of Throw Icicle by Vehumet.
  9251 | D:9      | Found a roughly hewn altar of Beogh.
  9419 | D:9      | Noticed Prince Ribbit
  9423 | D:9      | Killed Prince Ribbit
  9664 | D:9      | Reached ***** piety under Vehumet
  9680 | D:9      | Found a shattered altar of Ashenzari.
  9724 | D:9      | Offered knowledge of Bolt of Draining by Vehumet.
  9839 | D:9      | Learned a level 5 spell: Bolt of Draining
  9859 | D:9      | Found a deep blue altar of Sif Muna.
 10065 | D:9      | Found a sacrificial altar of Ru.
 10141 | D:10     | Entered Level 10 of the Dungeon
 10141 | D:10     | Found a staircase to the Orcish Mines.
 10141 | D:10     | Noticed a cyclops
 10144 | D:9      | Reached XP level 11. HP: 68/68 MP: 22/26
 10829 | D:10     | Found a staircase to the Lair.
 10898 | D:10     | Found Fugulac's Distillery.
 11003 | D:10     | Found a runed gate.
 11003 | D:10     | Noticed Defined's ghost (novice DrCj)
 11003 | D:10     | Noticed Voxish's ghost (novice KoSu)
 11004 | D:10     | Found a runed gate.
 11004 | D:10     | Found a runed gate.
 11232 | D:10     | Killed Defined's ghost
 11234 | D:10     | Killed Voxish's ghost
 11352 | Orc:1    | Entered Level 1 of the Orcish Mines
 11364 | Orc:1    | Noticed an ettin
 11536 | D:10     | Killed an ettin
 11746 | Orc:1    | Noticed an ettin
 11761 | Orc:1    | Killed an ettin
 12096 | Orc:2    | Entered Level 2 of the Orcish Mines
 12103 | Orc:2    | Found Ehad's General Store.
 12103 | Orc:2    | Noticed a stone giant
 12340 | Orc:2    | Found a frozen archway.
 12342 | IceCv    | Entered an ice cave
 12342 | IceCv    | Noticed a white ugly thing
 12346 | IceCv    | Slain by an ice beast

Vault maps used:
D:1:      nzn_arrival_water_spiral
D:2:      overflow_temple_1_default, okawaru_trees_2, tso_altar, first_ration,
          uniq_jessica
D:3:      nicolae_overflow_crystal_walls, fedhas_altar_fruit_tree,
          lexackson_kobold_supper
D:4:      cheibrodos_barr_body, lemuel_crystal_altar, marbit_many_paths,
          vehumet_crystals, temple_doors_cd, serial_shops, shop, shop,
          nicolae_shop_waterfront, kennysheep_generic_room_10
D:5:      hangedman_decor_diamond_cutter
D:6:      serial_bayou_pond_a
D:7:      lemuel_coloured_pillars_altar, elyvilon_altar_4,
          gammafunk_temple_overflow_arena, grunt_ogre_cave,
          hangedman_decor_peaks_small, uniq_duvessa
D:8:      serial_shops, shop, gammafunk_ghost_icy, kennysheep_generic_room_2
D:9:      lemuel_round_altar, cheibrodos_ashenzari_chains,
          nicolae_ru_the_path_less_chosen, uniq_prince_ribbit1
D:10:     minmay_lair_entry_grove, gammafunk_ghost_cemetery, serial_shops, shop
D:11:     basic_altar, st_stairs_7, hangedman_decor_slide_cut, kennysheep_dice,
          uniq_fannar, uniq_psyche
Temple:   compressed_dpeg_triangle_lava_temple
Orc:1:    serial_shops, shop
Orc:2:    grunt_orc_gardens, grunt_orc_garden, grunt_orc_garden,
          grunt_orc_garden, grunt_orc_garden, portal_ice_cave_demonic_guard,
          lemuel_statue_altar
IceCv:    ice_cave_statue_garden_transporter

Skill      XL: |  1  2  3  4  5  6  7  8  9 10 11 |
---------------+----------------------------------+-----
Earth Magic    | 3 4 5 6 8 10 11 13 | 13.1
Spellcasting   | 3 4 5 6 8 10 11 13 | 13.1
Dodging        | |  1.5
Stealth        | |  1.5
Transmutations | |  0.7

Action                   |  1- 3 |  4- 6 |  7- 9 | 10-12 || total
-------------------------+-------+-------+-------+-------++-------
Melee: Rapier            |    27 |   133 |    41 |    34 ||   235
 Fire: Hunting sling     |       |    24 |    21 |       ||    45
 Cast: Sandblast         |    29 |    47 |    21 |     5 ||   102
       Stone Arrow       |       |       |   129 |   115 ||   244
       Lee's Rapid Decon |       |       |     3 |    47 ||    50
       Passwall          |       |       |     1 |     1 ||     2
       Petrify           |       |       |     1 |     2 ||     3
  Use: Scroll            |       |     4 |     6 |     6 ||    16
 Stab: Sleeping          |       |     5 |       |       ||     5
Armor: Robe              |     7 |    28 |    14 |    25 ||    74
Dodge: Dodged            |    27 |    81 |    51 |    39 ||   198

Table legend:
 A = Spawn XP
 B = Non-spawn XP
 C = Spawn XP percentage of total XP
 D = Spawn monster count
 E = Non-spawn monster count
 F = Spawn count percentage of total count
 G = Total turns spent on level
                    A         B        C        D         E        F      G
               +---------+---------+-------+---------+---------+-------+---------
         Total |       0 |   19802 |   0.0 |       0 |     316 |   0.0 | 12346
               +---------+---------+-------+---------+---------+-------+---------
           D:1 |       0 |      44 |   0.0 |       0 |      21 |   0.0 |   449
           D:2 |       0 |     190 |   0.0 |       0 |      25 |   0.0 |   555
           D:3 |       0 |     165 |   0.0 |       0 |      34 |   0.0 |  1048
           D:4 |       0 |     950 |   0.0 |       0 |      36 |   0.0 |  1268
           D:5 |       0 |     405 |   0.0 |       0 |       8 |   0.0 |   905
           D:6 |       0 |     831 |   0.0 |       0 |      18 |   0.0 |  1130
           D:7 |       0 |    2806 |   0.0 |       0 |      39 |   0.0 |  2044
           D:8 |       0 |    3601 |   0.0 |       0 |      35 |   0.0 |  1897
           D:9 |       0 |    2006 |   0.0 |       0 |      47 |   0.0 |   995
          D:10 |       0 |    6148 |   0.0 |       0 |      36 |   0.0 |  1395
          D:11 |       0 |     259 |   0.0 |       0 |       1 |   0.0 |    43
         Orc:1 |       0 |    1762 |   0.0 |       0 |      14 |   0.0 |   511
         Orc:2 |       0 |     511 |   0.0 |       0 |       1 |   0.0 |   100
         IceCv |       0 |     124 |   0.0 |       0 |       1 |   0.0 |     4
               +---------+---------+-------+---------+---------+-------+---------
